Map: Abyssal Reef LE

Players

OmaMorkie - Winner!

  • Race: Zerg Zerg
  • League: Diamond
  • Spawn Location: 11:00

HotFoxWaifu

  • Race: Protoss Protoss
  • League: Diamond
  • Spawn Location: 5:00

VOD

Have the link to the VOD?

Description

This one is going from burrow bane drop opener straight into macro

Time

  • Played on: Jan. 8, 2018, 12:35 p.m.
  • Length: 12:12
Show
View Real Time Build Order
Export as new Build Order

OmaMorkie Zerg - Winner!

Build Orders: Hatch First 

Get SALT Encoding   

  12  0:02  Drone  
  13  0:16  Overlord  
  13  0:17  Drone  
  14  0:26  Drone, Extractor  
  14  0:37  Drone  
  14  0:40  Drone  
  16  0:49  Drone  
  17  1:03  Hatchery  
  16  1:08  Drone  
  17  1:22  Spawning Pool  
  16  1:30  Burrow  
  16  1:34  Drone  
  16  1:39  Drone  
  18  1:43  Drone  
  19  2:03  Drone x2  
  21  2:11  Zergling x2  
  21  2:15  Zergling x2, Queen  
  23  2:21  Evolution Chamber  
  24  2:24  Baneling Nest  
  24  2:25  Drone  
  24  2:30  Drone x2  
  26  2:46  Drone  
  26  2:47  Drone  
  28  2:55  Overlord  
  28  2:56  Overlord  
  28  3:07  Baneling  
  28  3:08  Baneling x3  
  28  3:19  Queen  
  28  3:21  Hatchery  
  28  3:25  Baneling x2  
  28  3:26  Drone x2  
  31  3:44  Drone x2  
  31  3:45  Drone x5  
  38  4:02  Extractor  
  37  4:10  Drone x4  
  41  4:17  Hatchery  
  41  4:23  Drone  
  41  4:24  Overlord  
  40  4:31  Drone  
  40  4:32  Overlord x2, Drone x3  
  40  4:33  Metabolic Boost  
  44  4:40  Extractor  
  44  4:41  Baneling x2  
  44  4:43  Extractor  
  42  4:50  Extractor  
  42  4:51  Extractor  
  42  4:52  Drone x5  
  45  4:53  Drone  
  45  5:03  Drone x8  
  53  5:19  Overlord x2  
  53  5:22  Lair  
  53  5:24  Zergling x12  
  53  5:25  Zergling x2  
  60  5:28  Zerg Missile Weapons Level 1  
  60  5:37  Drone x5  
  65  5:48  Baneling x6  
  65  5:54  Spore Crawler  
  64  6:05  Drone x11  
  69  6:14  Spore Crawler  
  67  6:27  Spore Crawler  
  67  6:30  Centrifical Hooks  
  66  6:35  Hydralisk Den  
  65  7:01  Hatchery  
  65  7:02  Overlord x2  
  65  7:03  Overlord x3  
  65  7:04  Muscular Augments  
  65  7:05  Hydralisk x8  
  80  7:13  Overlord  
  80  7:14  Overlord  
  80  7:20  Queen x2  
  84  7:23  Zerg Ground Armor Level 1  
  84  7:24  Evolution Chamber  
  84  7:27  Hydralisk x2  
  84  7:28  Hydralisk  
  89  7:30  Hydralisk  
  91  7:38  Overseer  
  91  7:41  Zergling x12  
  91  7:42  Zergling x2  
  98  7:50  Zerg Missile Weapons Level 2  
  98  7:52  Zergling x4  
  98  7:53  Zergling x8  
  104  8:06  Hydralisk x3  
  104  8:07  Zergling x2  
  104  8:08  Zergling x6  
  114  8:29  Nydus Network  
  114  8:31  Drone x10  
  116  8:48  Zergling x10  
  116  8:49  Zergling x6  
  117  9:00  Hydralisk  
  117  9:01  Hydralisk x3  
  118  9:11  Drone  
  118  9:12  Drone x3  
  117  9:22  Hydralisk  
  117  9:23  Hydralisk x3  
  101  9:39  Drone x7  
  106  9:51  Zergling x10  
  111  9:54  Hatchery  
  111  9:56  Baneling x10  
  111  9:57  Baneling x6  
  110  10:03  Drone x4  
  110  10:07  Drone x3  
  117  10:18  Nydus Network  
  116  10:25  Drone x9  
  115  11:06  Zergling x30  
  115  11:08  Baneling x10  
  130  11:13  Nydus Canal  
  130  11:21  Nydus Canal  
  130  11:22  Hydralisk x4  
  138  11:25  Overlord  
  138  11:39  Overlord x4  
Show
View Real Time Build Order
Export as new Build Order

HotFoxWaifu Protoss 

Build Orders: 1 Gate Expand, Oracle Opening 

Get SALT Encoding   

  12  0:00  Probe  
  13  0:13  Probe  
  14  0:20  Pylon  
  14  0:25  Probe  
  15  0:38  Probe  
  16  0:45  Gateway  
  16  0:50  Probe  
  16  0:54  Assimilator  
  17  1:03  Probe (Chrono Boost)  
  18  1:14  Probe (Chrono Boost)  
  19  1:24  Nexus  
  19  1:27  Probe  
  20  1:38  Cybernetics Core  
  20  1:41  Probe  
  20  1:46  Assimilator  
  21  1:57  Probe  
  22  2:01  Pylon  
  22  2:09  Probe  
  23  2:18  Adept (Chrono Boost)  
  23  2:19  Warp Gate  
  23  2:21  Probe  
  26  2:31  Pylon  
  26  2:36  Probe x2  
  28  2:48  Probe  
  28  2:51  Probe (Chrono Boost)  
  30  2:56  Stargate  
  30  3:00  Probe (Chrono Boost)  
  30  3:03  Probe (Chrono Boost)  
  32  3:06  Adept (Chrono Boost)  
  32  3:09  Probe (Chrono Boost)  
  32  3:11  Probe (Chrono Boost)  
  36  3:14  Probe  
  37  3:23  Probe  
  37  3:26  Probe  
  39  3:29  Adept (Chrono Boost)  
  39  3:30  Gateway  
  41  3:35  Probe  
  41  3:39  Oracle (Chrono Boost)  
  45  4:09  Oracle  
  48  4:21  Gateway  
  47  4:37  Assimilator  
  47  4:39  Assimilator  
  47  4:42  Probe x2  
  49  4:54  Probe  
  49  4:59  Probe  
  50  5:05  Stalker  
  50  5:06  Probe  
  53  5:12  Probe  
  54  5:38  Pylon  
  54  5:39  Pylon  
  54  5:50  Pylon  
  54  5:52  Pylon  
  54  5:53  Nexus  
  54  5:56  Phoenix, Probe x2, Pylon  
  58  5:59  Stalker  
  60  6:08  Probe x2  
  61  6:21  Probe  
  62  6:25  Probe  
  63  6:33  Probe  
  63  6:38  Probe  
  63  6:39  Twilight Council, Forge  
  65  6:41  Gateway  
  65  6:43  Gateway  
  65  6:45  Probe, Robotics Facility  
  66  6:50  Probe, Adept x3  
  73  7:08  Protoss Ground Weapons Level 1 (Chrono Boost)  
  73  7:10  Probe x3  
  76  7:17  Zealot  
  76  7:18  Resonating Glaives (Chrono Boost), Adept  
  76  7:19  Adept  
  76  7:22  Probe x2  
  84  7:23  Probe  
  84  7:27  Gateway  
  84  7:29  Gateway  
  85  7:31  Gateway  
  85  7:34  Probe  
  85  7:35  Observer  
  87  7:39  Gateway  
  87  7:44  Pylon  
  87  7:48  Adept  
  87  7:49  Adept x2  
  93  8:04  Templar Archives  
  93  8:05  Gateway  
  93  8:07  Gateway  
  93  8:10  Pylon  
  93  8:11  Probe (Chrono Boost)  
  93  8:12  Probe x2 (Chrono Boost)  
  96  8:17  Assimilator  
  96  8:20  Assimilator  
  96  8:21  Probe x3 (Chrono Boost)  
  96  8:26  Probe (Chrono Boost)  
  99  8:38  Probe x3  
  99  8:39  Immortal  
  99  8:40  Robotics Facility  
  100  8:50  Probe  
  87  9:11  Zealot x7  
  98  9:22  Zealot  
  85  9:35  Zealot x2  
  85  9:36  Zealot x7  
  79  9:45  Charge (Chrono Boost)  
  79  9:52  High Templar  
  79  9:57  Immortal (Chrono Boost)  
  79  9:59  Protoss Ground Weapons Level 2 (Chrono Boost)  
  81  10:05  Psionic Storm  
  89  10:07  Immortal (Chrono Boost)  
  89  10:11  Zealot  
  89  10:12  High Templar, Zealot x2  
  89  10:13  Pylon, High Templar  
  99  10:14  Pylon  
  99  10:19  High Templar  
  99  10:21  Zealot x4  
  105  10:23  Probe x3  
  112  10:29  Immortal, Pylon  
  112  10:35  Probe x3  
  119  10:39  Archon  
  119  10:41  Archon  
  77  10:53  Zealot  
  77  10:54  Zealot x6  
  77  10:55  Zealot  
  71  11:06  Probe x3  
  74  11:16  High Templar x2  
  78  11:18  Probe x3  
  81  11:28  High Templar x3  
  81  11:30  Probe x2  
  81  11:31  Pylon  
  89  11:40  Pylon  
  75  11:47  Zealot x4  
Tags
 
Add a new tag
Caveats
  • Supply blocks, unpowered buildings, or Contaminate may cause inaccurate times.
  • Supply counts are checked every 10 seconds.